 Dungeon Crawl Stone Soup version 0.16.1-18-g436b03c (webtiles) character file.

116 UBR the Magician (level 4, -5/24 HPs)
             Began as a Deep Elf Wizard on Apr 24, 2015.
             Killed by divine providence
             ... invoked by an orc priest
              (11 damage)
             ... on level 4 of the Dungeon.
             The game lasted 00:25:22 (1744 turns).

UBR the Magician (Deep Elf Wizard)                  Turns: 1744, Time: 00:25:22

Health: -5/24      AC:  5    Str:  4    XL:     4   Next: 70%
Magic:  2/18       EV: 12    Int: 24    God:
Gold:   147        SH:  0    Dex: 13    Spells: 1 memorised, 15 levels left

rFire  . . .     SeeInvis .     o - +2 dagger (venom)
rCold  . . .     Clarity  .     a - +0 robe
rNeg   . . .     SustAb   .     (no shield)
rPois  .         Gourm    .     v - +2 helmet
rElec  .         Spirit   .     (no cloak)
rCorr  .         Warding  .     (no gloves)
rMut   .         Stasis   .     (no boots)
MR     .....                    (no amulet)
Stlth  ++........               (no ring)
                                (no ring)

@: not resistant to hostile enchantments, unstealthy
A: no striking features
a: no special abilities


You were on level 4 of the Dungeon.
You were not hungry.

You visited 1 branch of the dungeon, and saw 4 of its levels.

You collected 147 gold pieces.

Inventory:

Hand weapons
 i - a +0 dagger
 o - a +2 dagger of venom (weapon)
 y - a +1 hunting sling of freezing
Missiles
 h - 51 stones (quivered)
 j - 14 bolts of flame
 z - 18 arrows of flame
Armour
 a - a +0 robe (worn)
 b - a +0 hat
 q - a +0 plate armour
 v - a +2 helmet (worn)
Jewellery
 l - an uncursed ring of teleportation
Magical devices
 u - a wand of lightning (6)
Scrolls
 e - a scroll of fog
 m - 3 scrolls of identify
 n - 3 scrolls of remove curse
 p - a scroll of recharging {unknown}
 s - a scroll of random uselessness {unknown}
 t - a scroll of teleportation {unknown}
Potions
 f - a potion of lignification {unknown}
 g - 2 potions of degeneration {unknown}
 x - a potion of agility {unknown}
Books
 c - a book of Minor Magic

   Spells                             Type                      Level
   a - Magic Dart                     Conjuration                  1
   b - Blink                          Translocation                2
   c - Call Imp                       Summoning                    2
   d - Repel Missiles                 Charms/Air                   2
   e - Slow                           Hexes                        2
   f - Conjure Flame                  Conjuration/Fire             3
   g - Mephitic Cloud                 Conjuration/Poison/Air       3
Comestibles
 d - 5 bread rations
 k - a slice of pizza
 r - 3 fruits
 w - a meat ration
 A - a chunk of flesh


   Skills:
 - Level 2.4 Dodging
 - Level 2.4 Stealth
 + Level 6.8 Spellcasting
 + Level 2.7 Conjurations
   Level 1.1 Summonings
   Level 1.1 Translocations


You had 15 spell levels left.
You knew the following spells:

 Your Spells              Type           Power        Failure   Level  Hunger
a - Magic Dart            Conj           ###.         2%          1    None


Dungeon Overview and Level Annotations

Branches:
Dungeon (4/15)
 Temple: D:4-7

Altars:
Nemelex Xobeh
Ru
Trog
Xom
Yredelemnul
Zin
The Shining One

Annotations:
D:3 Sigmund
D:4 Uberwunderbarhen's ghost, average GrFi


Message History

Confirm with . or Enter, or press ? or * to list all spells.
Aiming: Magic Dart
Press: ? - help, Shift-Dir - straight line, f/p - orc priest
Aim: an orc priest, wielding a hand axe and wearing a chain mail (moderately wounded, poisoned)
The magic dart hits the orc priest.
The orc priest is moderately wounded.
The orc priest mumbles some strange prayers to Beogh against you.
Something smites you!
Ouch! That really hurt!
* * * LOW HITPOINT WARNING * * *
Casting: Magic Dart
Confirm with . or Enter, or press ? or * to list all spells.
Aiming: Magic Dart
Press: ? - help, Shift-Dir - straight line, f/p - orc priest
Aim: an orc priest, wielding a hand axe and wearing a chain mail (moderately wounded, poisoned)
The magic dart hits the orc priest.
The orc priest is moderately wounded.
The orc priest calls down the wrath of Beogh upon you.
Something smites you!
You die...

..............###.#.##..
($..............#.#...
................#.#.########
................#..........#
..............).†....#####.#
..............##.#...#
.................#...#
.............#.......#
..............o.@.#..#
.......÷.<...#......)#
..............†.#....#
.............#<......#
.............#.###......
......)......#.. ...####
....................#
...#########..###.#.# ...
##.....#.#


You could see an orc priest.

Vanquished Creatures
  A hound skeleton (D:4)
  A worm (D:2)
  4 adders
  3 giant geckos
  3 orcs (D:4)
  8 bats
  2 hobgoblins
  4 jackals (D:2)
  2 kobolds
  A quokka (D:3)
  3 giant cockroaches
  3 giant newts
  13 goblins
  5 rats
53 creatures vanquished.

Notes
Turn   | Place    | Note
--------------------------------------------------------------
     0 | D:1      | UBR, the Deep Elf Wizard, began the quest for the Orb.
     0 | D:1      | Reached XP level 1. HP: 10/10 MP: 6/6
   181 | D:1      | Reached skill level 5 in Spellcasting
   188 | D:1      | Reached XP level 2. HP: 15/15 MP: 2/11
   585 | D:2      | Found a basalt altar of Yredelemnul.
   588 | D:2      | Found a sparkling altar of Nemelex Xobeh.
   591 | D:2      | Found a sacrificial altar of Ru.
   594 | D:2      | Found a glowing golden altar of the Shining One.
   857 | D:2      | Reached skill level 6 in Spellcasting
   857 | D:2      | Reached XP level 3. HP: 16/19 MP: 2/15
   989 | D:2      | Found a glowing silver altar of Zin.
   992 | D:2      | Noticed an angel
  1043 | D:2      | Found a shimmering altar of Xom.
  1498 | D:3      | Found a bloodstained altar of Trog.
  1514 | D:3      | Reached XP level 4. HP: 22/24 MP: 9/18
  1599 | D:3      | Noticed Sigmund
  1724 | D:4      | Noticed Uberwunderbarhen's ghost (average GrFi)
  1744 | D:4      | Killed from afar by an orc priest

Action                   |  1- 3 |  4- 6 || total
-------------------------+-------+-------++-------
Melee: Dagger            |     3 |     4 ||     7
Throw: Stone             |       |     1 ||     1
 Cast: Magic Dart        |    97 |    45 ||   142
  Use: Scroll            |     3 |       ||     3
  Eat: Chunk             |     2 |       ||     2
